 Dungeon Crawl Stone Soup version 0.16-a0-890-g98fc465 (webtiles) character file.

95 Ololoev the Slasher (level 4, -6/38 HPs)
             Began as a Centaur Fighter on Sept 29, 2014.
             Killed by divine providence
             ... invoked by an orc priest
              (12 damage)
             ... on Level 3 of the Dungeon.
             The game lasted 00:05:02 (1782 turns).

Ololoev the Slasher (Centaur Fighter)               Turns: 1782, Time: 00:05:02

HP  -6/38        AC  6     Str 18      XL: 4   Next: 39%
MP   3/3         EV  6     Int  7      God:
Gold 63          SH  4     Dex 10      Spells:  0 memorised,  3 levels left

rFire  + . .     SeeInvis .     a - +0 long sword
rCold  . . .     Clarity  .     b - +0 scale mail
rNeg   . . .     rCorr    .     i - +0 buckler
rPois  .         rRot     .     (no helmet)
rElec  .         Spirit   .     (no cloak)
SustAb .         Warding  .     (no gloves)
rMut   .         Stasis   .     (no barding)
Gourm  .                        (no amulet)
MR     .....                    (no ring)
                                g - ring of protection from fire

@: very slightly contaminated, invisible, very quick, not resistant to hostile
enchantments, extremely unstealthy
A: hooves 3, deformed body, speed 2, tough skin 3
a: no special abilities


You were on level 3 of the Dungeon.
You were not hungry.

You visited 1 branch of the dungeon, and saw 3 of its levels.

You collected 63 gold pieces.

Inventory:

Hand weapons
 a - a +0 long sword (weapon)
Armour
 b - a +0 scale mail (worn)
 i - a +0 buckler (worn)
Comestibles
 d - 4 bread rations
 l - 2 chunks of hobgoblin flesh
 p - 2 meat rations
Jewellery
 g - a ring of protection from fire (left hand)
Potions
 c - a potion of flight {unknown}
 e - a potion of might
 f - a potion of mutation {unknown}
 h - a potion of curing
 j - a potion of agility {unknown}
 k - a potion of invisibility
 m - a potion of heal wounds {unknown}
 n - a potion of confusion {unknown}
 o - a potion of cure mutation {unknown}


   Skills:
 - Level 3.0 Fighting
 + Level 4.2 Long Blades
 - Level 2.1 Armour
 - Level 2.1 Shields


You had 3 spell levels left.
You didn't know any spells.

Dungeon Overview and Level Annotations

Branches:
Dungeon (3/15)

Altars:


Innate Abilities, Weirdness & Mutations

You have hooves in place of feet.
Armour fits poorly on your strangely shaped body.
You cover ground very quickly.
You have extremely tough skin (AC +3).


Message History

The orc priest invokes the aid of Beogh against you.
Something smites you!
* * * LOW HITPOINT WARNING * * *
Found a stone staircase leading down.
A kobold comes into view. It is wielding a whip.
The kobold shouts!
An orc comes into view.
Drink which item? (? for menu, Esc to quit)
You fade into invisibility!
You are very lightly contaminated with residual magic.
An orc comes into view. It is wielding a war axe.
The orc shouts!
The orc hits you with a flail.
* * * LOW HITPOINT WARNING * * *
You hit the orc.
The orc is moderately wounded.
The orc shouts!
The orc priest invokes the aid of Beogh against you.
Something smites you!
You die...

#.......@# #.).#
#...$..(.# #...#
#.....(..#### #...#
#...)(.(.<..#.##...#####
.........#.............#
.........#.....#.#.###.#
.........#...#.#.#.#
...##.#......#...#.# ...
#.####....#.@#.## .. #..
.....#..o..# # ##.
.....#..#o.oo.# . .
#..##.##.# #..K ... #..#
.## ##.. .S #.# .# #>. .


You could see an orc priest, an adder (wandering), 3 orcs and a kobold.

Vanquished Creatures
  Jessica (D:3)
  An adder (D:2)
  A giant mite (D:3)
  A worm (D:2)
  3 giant geckos (D:1)
  An ooze (D:2)
  An orc (D:3)
  4 giant cockroaches
  10 goblins
  5 hobgoblins
  A quokka (D:2)
  A ball python (D:2)
  7 bats
  A giant newt (D:1)
  6 kobolds
  8 rats
52 creatures vanquished.

Vanquished Creatures (others)
  A rat (D:2)
1 creature vanquished.

Grand Total: 53 creatures vanquished

Notes
Turn   | Place    | Note
--------------------------------------------------------------
     0 | D:1      | Ololoev, the Centaur Fighter, began the quest for the Orb.
     0 | D:1      | Reached XP level 1. HP: 19/19 MP: 1/1
   133 | D:1      | Reached XP level 2. HP: 23/26 MP: 2/2
   729 | D:2      | Reached XP level 3. HP: 16/31 MP: 3/3
  1390 | D:3      | Noticed Jessica
  1391 | D:3      | Noticed a necrophage
  1625 | D:3      | Reached XP level 4. HP: 26/38 MP: 3/3
  1720 | D:3      | Reached skill level 4 in Long Blades
  1737 | D:3      | Killed Jessica
  1782 | D:3      | Killed from afar by an orc priest

Action                   |  1- 3 |  4- 6 || total
-------------------------+-------+-------++-------
Melee: Long sword        |   155 |    13 ||   168
  Use: Scroll            |     3 |     1 ||     4
       Potion            |     2 |     1 ||     3
  Eat: Chunk             |     1 |     1 ||     2
